 Dungeon Crawl Stone Soup version 0.25-a0-464-g3004169c2b (webtiles) character file.

Game seed: 1123615584500785730, levelgen mode: deterministic

403306 mopl the Ruffian (level 22, -2/196 HPs)
             Began as a Troll Arcane Marksman on Feb 4, 2020.
             Was a High Priest of Okawaru.
             Killed from afar by a storm dragon (38 damage)
             ... with a bolt of lightning
             ... on level 5 of the Realm of Zot.
             The game lasted 03:33:29 (47239 turns).

mopl the Ruffian (Troll Arcane Marksman)           Turns: 47239, Time: 03:33:29

Health: -2/196     AC: 17    Str: 23    XL:     22   Next: 0%
Magic:  0/28       EV: 18    Int: 18    God:    Okawaru [*****.]
Gold:   3277       SH: 20    Dex: 18    Spells: 10/35 levels left

rFire    + . .     SeeInvis +   b - +3 sling "Punk" {acid, rCorr}
rCold    + + .     Gourm    +   C - +1 large shield "Onaefei" {*Drain Regen+ rCorr}
rNeg     + + .     Faith    +   N - +6 steam dragon scales of the Special People {Regen+ Str-2 SInv}
rPois    +         Spirit   +   p - +0 hat of Anarchy {rF+ rC++}
rElec    .         Reflect  .   U - scarf {Spirit}
rCorr    +         Harm     .   (gloves unavailable)
MR       +....     NoTele   +   (boots unavailable)
Stlth    +++++.....             f - amulet of faith {!P}
HPRegen  1.62/turn              j - ring of Internal Strife {Ice -Tele rN++ Int+6 Dex+3}
MPRegen  0.21/turn              x - ring "Ukloskeosh" {Fire *Corrode rPois Slay+2}

@: heroism, finesse
A: large, unfitting armour, claws 3, clever 1, fast metabolism 3, gourmand, low
mp 1, regeneration 1, shaggy fur 1, tough skin 3, subdued magic 1
}: 3/15 runes: serpentine, barnacled, slimy
a: Heroism, Finesse, Renounce Religion


You were on level 5 of the Realm of Zot.
You worshipped Okawaru.
Okawaru was extremely pleased with you.
You were very full.

You visited 10 branches of the dungeon, and saw 50 of its levels.
You also visited: Ossuary, Gauntlet and Wizlab.

You collected 6067 gold pieces.
You spent 2790 gold pieces at shops.

Inventory:

Hand Weapons
 b - the +3 sling "Punk" (weapon) {acid, rCorr}
   (You found it on level 3 of the Elven Halls)

   It provides partial protection from all sources of acid and corrosion.
 d - the +3 Elemental Staff {rElec rF++ rC++ MR++ AC+5}
   (You found it on level 4 of the Shoals)

   It affects your AC (+5).
   It greatly protects you from fire.
   It greatly protects you from cold.
   It insulates you from electricity.
   It affects your resistance to hostile enchantments.
 o - a +6 vampiric war axe
 O - a +3 demon trident of electrocution
 P - the +10 rapier "Luixtyipn" {speed, Dex+4}
   (Okawaru gifted it to you on level 6 of the Lair of Beasts)

   Attacks with this weapon are significantly faster.
   It affects your dexterity (+4).
 V - the +10 hand crossbow of Qiafaicwuth {venom, Str+6 Stlth+}
   (You bought it in a shop on level 2 of the Orcish Mines)

   It poisons the ammo it fires.
   It affects your strength (+6).
   It makes you more stealthy.
Missiles
 k - 474 sling bullets
 r - 8 throwing nets
 B - 5 boomerangs of dispersal
 I - 34 atropa-tipped darts
 L - 8 datura-tipped darts
 M - 52 boomerangs
 T - 130 javelins
 W - 60 large rocks
 Y - 42 silver javelins (quivered)
Armour
 p - the +0 hat of Anarchy (worn) {rF+ rC++}
   (Okawaru gifted it to you on level 13 of the Dungeon)

   It protects you from fire.
   It greatly protects you from cold.
   If you remove this armour, your AC will rise 0 points (17 -> 17)
 C - the +1 large shield "Onaefei" (worn) {*Drain Regen+ rCorr}
   (You acquired it on level 2 of the Shoals)

   It increases your rate of regeneration.
   It provides partial protection from all sources of acid and corrosion.
   It causes draining when unequipped.
   If you remove this armour, your AC will rise 0 points (17 -> 17)
 N - the +6 steam dragon scales of the Special People (worn) {Regen+ Str-2 SInv}
   (You found it on level 3 of the Elven Halls)

   It affects your strength (-2).
   It lets you see invisible.
   It increases your rate of regeneration.
   If you remove this armour, your AC will fall 13 points (17 -> 4)
 U - a scarf of spirit shield (worn)
Jewellery
 f - an amulet of faith (around neck) {!P}
 j - the ring of Internal Strife (left claw) {Ice -Tele rN++ Int+6 Dex+3}
   (You found it on level 3 of the Elven Halls)

   [ring of ice]

   It enhances your ice magic.
   It affects your intelligence (+6).
   It affects your dexterity (+3).
   It makes you vulnerable to fire.
   It protects you from cold.
   It greatly protects you from negative energy.
   It prevents most forms of teleportation.
 v - the ring "Achun" {rN+ MR++ Int+3 Stlth-}
   (You bought it in a shop on level 15 of the Dungeon)

   [ring of intelligence]

   It affects your intelligence (+3).
   It protects you from negative energy.
   It affects your resistance to hostile enchantments.
   It makes you less stealthy.
 x - the ring "Ukloskeosh" (right claw) {Fire *Corrode rPois Slay+2}
   (You found it in a Gauntlet)

   [ring of fire]

   It enhances your fire magic.
   It affects your accuracy and damage with ranged weapons and melee attacks
   (+2).
   It protects you from fire.
   It makes you vulnerable to cold.
   It protects you from poison.
   It may corrode you when you take damage.
Wands
 a - a wand of acid (13)
 l - a wand of clouds (9)
 m - a wand of digging (2)
 s - a wand of iceblast (37)
 H - a wand of paralysis (22)
Scrolls
 g - 15 scrolls of remove curse
 h - 18 scrolls of teleportation
 n - 4 scrolls of blinking
 D - 6 scrolls of fear
 F - a scroll of fog
 S - 4 scrolls of vulnerability
 X - 7 scrolls of summoning
Potions
 e - a potion of cancellation
 i - 2 potions of invisibility
 q - 2 potions of magic
 t - 11 potions of curing
 u - 4 potions of heal wounds
 z - 6 potions of might
 A - 6 potions of resistance
 E - 2 potions of agility
 G - 7 potions of ambrosia
 J - 12 potions of brilliance
 K - 7 potions of haste
 R - 16 potions of mutation {!q}
Miscellaneous
 w - a fan of gales
 y - 3 boxes of beasts
 Q - a lamp of fire
 Z - a phial of floods
Comestibles
 c - 54 rations


   Skills:
 - Level 7.0(12.0) Fighting
 + Level 3.9(8.9) Short Blades
 + Level 1.8(8.1) Axes
 + Level 4.0(11.1) Polearms
 - Level 7.0(12.5) Staves
 - Level 7.0(12.8) Slings
 + Level 0.5(5.5) Crossbows
 - Level 7.0(14.1) Throwing
 - Level 7.0(12.0) Armour
 - Level 7.0(12.0) Dodging
 - Level 7.0(12.0) Stealth
 - Level 7.0(12.0) Shields
 - Level 7.0(12.0) Unarmed Combat
 - Level 7.0 Spellcasting
 - Level 7.0 Conjurations
 - Level 7.0 Hexes
 * Level 2.6 Charms
 - Level 7.0 Summonings
 + Level 6.4 Necromancy
 - Level 7.0 Translocations
 - Level 7.0 Transmutations
 - Level 7.0 Fire Magic
 + Level 6.4 Ice Magic
 + Level 6.3 Air Magic
 * Level 6.1 Earth Magic
 + Level 6.9 Poison Magic
 - Level 7.0 Invocations
 - Level 7.0 Evocations


You had 10 spell levels left.
You knew the following spells:

 Your Spells              Type           Power        Failure   Level  Hunger
a - Apportation           Tloc           ###...       1%          1    None
b - Summon Butterflies    Summ           ###.....     1%          1    None
c - Conjure Flame         Conj/Fire      #####...     2%          3    ##.....
d - Mephitic Cloud        Conj/Pois/Air  ###.....     2%          3    ##.....
e - Blink                 Tloc           N/A          1%          2    None
f - Portal Projectile     Hex/Tloc       ###...       2%          3    ##.....
g - Ice Form              Ice/Tmut       #####...     11%         4    ####...
h - Inner Flame           Hex/Fire       #####...     2%          3    ##.....
n - Swiftness             Chrm/Air       ###.....     3%          2    None
p - Passwall              Tmut/Erth      ###.....     1%          2    None
x - Animate Skeleton      Necr           N/A          1%          1    None

Your spell library contained the following spells:

 Spells                   Type           Power        Failure   Level  Hunger
 Beastly Appendage        Tmut           ###...       1%          1    None
 Corona                   Hex            ###....      1%          1    None
 Foxfire                  Conj/Fire      ####         1%          1    None
 Freeze                   Ice            ####         1%          1    None
 Magic Dart               Conj           ###.         1%          1    None
 Shock                    Conj/Air       ###.         1%          1    None
 Sting                    Tmut/Pois      ###.         1%          1    None
 Summon Small Mammal      Summ           ###.         1%          1    None
 Call Imp                 Summ           ###.....     1%          2    None
 Corpse Rot               Necr/Air       N/A          1%          2    None
 Ensorcelled Hibernation  Hex/Ice        #####.       1%          2    None
 Poisonous Vapours        Pois/Air       ###...       1%          2    None
 Slow                     Hex            ###.....     1%          2    None
 Sticks to Snakes         Tmut           ###.....     1%          2    None
 Sublimation of Blood     Necr           ###.......   1%          2    None
 Dazzling Flash           Conj/Hex       ###...       2%          3    ##.....
 Ignite Poison            Fire/Tmut/Pois #####...     2%          3    ##.....
 Lesser Beckoning         Tloc           ###.......   2%          3    ##.....
 Spider Form              Tmut/Pois      ###.......   2%          3    ##.....
 Summon Guardian Golem    Hex/Summ       ###.....     2%          3    ##.....
 Tukima's Dance           Hex            ###.....     2%          3    ##.....
 Ozocubu's Armour         Chrm/Ice       ####....     8%          3    ##.....
 Cause Fear               Hex            ###.......   10%         4    ####...
 Fulminant Prism          Conj/Hex       ###.......   10%         4    ####...
 Olgreb's Toxic Radiance  Pois           ###.....     10%         4    ####...
 Passage of Golubria      Tloc           N/A          10%         4    ####...
 Sticky Flame             Conj/Fire      #####...     10%         4    ####...
 Hailstorm                Conj/Ice       #####...     11%         4    ####...
 Summon Ice Beast         Ice/Summ       #####...     11%         4    ####...
 Leda's Liquefaction      Hex/Erth       ###.......   12%         4    ####...
 Petrify                  Tmut/Erth      ###.....     12%         4    ####...
 Summon Lightning Spire   Summ/Air       ###.....     12%         4    ####...
 Alistair's Intoxication  Tmut/Pois      ###.....     28%         5    #####..
 Blade Hands              Tmut           ###.......   28%         5    #####..
 Fireball                 Conj/Fire      #####.....   28%         5    #####..
 Irradiate                Conj/Tmut      ###.......   28%         5    #####..
 Summon Mana Viper        Hex/Summ       ###.....     28%         5    #####..
 Yara's Violent Unravell  Hex/Tmut       ###.......   28%         5    #####..
 Bolt of Magma            Conj/Fire/Erth #####.....   32%         5    #####..
 Metabolic Englaciation   Hex/Ice        #####.....   32%         5    #####..
 Borgnjor's Vile Clutch   Necr/Erth      ###.......   36%         5    #####..
 Lee's Rapid Deconstruct  Erth           ###.......   38%         5    #####..
 Iskenderun's Battlesphe  Conj/Chrm      ###.....     58%         5    #####..
 Darkness                 Hex            ###.......   85%         6    #######
 Eringya's Noxious Bog    Tmut/Pois      ###.......   85%         6    #######
 Hydra Form               Tmut           ###.......   85%         6    #######
 Invisibility             Hex            ###.....     85%         6    #######
 Shadow Creatures         Summ           N/A          85%         6    #######
 Freezing Cloud           Conj/Ice/Air   ####......   89%         6    #######
 Iron Shot                Conj/Erth      ###.......   89%         6    #######
 Statue Form              Tmut/Erth      ###......    89%         6    #######
 Dragon Form              Tmut           ###.......   100%        7    #######
 Haunt                    Necr/Summ      ###.......   100%        7    #######
 Malign Gateway           Summ/Tloc      ###.......   100%        7    #######
 Orb of Destruction       Conj           ###.......   100%        7    #######
 Spellforged Servitor     Conj/Summ      ###.......   100%        7    #######
 Summon Hydra             Summ           ###.......   100%        7    #######
 Borgnjor's Revivificati  Necr           ###.......   100%        8    #######
 Chain Lightning          Conj/Air       ###.......   100%        8    #######
 Death's Door             Chrm/Necr      ###.......   100%        8    #######
 Infestation              Necr           ###.......   100%        8    #######
 Lehudib's Crystal Spear  Conj/Erth      ###.......   100%        8    #######
 Necromutation            Tmut/Necr      ###.......   100%        8    #######
 Fire Storm               Conj/Fire      #####.....   100%        9    #######
 Glaciate                 Conj/Ice       #####.....   100%        9    #######


Dungeon Overview and Level Annotations

Branches:
Dungeon (15/15)            Temple (1/1) D:4            Lair (6/6) D:10
 Shoals (4/4) Lair:2        Snake (4/4) Lair:2        Slime (5/5) Lair:5
    Orc (2/2) D:12            Elf (3/3) Orc:2        Vaults (0/5) D:13
 Depths (5/5) D:15            Zot (5/5) Depths:5    Ossuary (visited)
 WizLab (visited)         Gauntlet (visited)

Altars:
Ashenzari
Cheibriados
Dithmenos
Elyvilon
Fedhas
Gozag
Hepliaklqana
Kikubaaqudgha
Makhleb
Nemelex Xobeh
Okawaru
Qazlal
Ru
Sif Muna
Trog
Uskayaw
Vehumet
Wu Jian
Xom
Yredelemnul
Zin
The Shining One
Beogh
Jiyva

Shops:
D:6 }   D:9 *   D:15 =   Orc:2 :([!   Elf:1 *   Elf:3 =   Snake:3 =
Depths:3 (

Portals:
Abyss: Depths:1
Ziggurat: Depths:3

Annotations:
Lair:6 staves
Shoals:2 phantom mirror
Snake:3 mut
Elf:2 3 runed translucent doors, Louise
Zot:5 exclusion: upstairs


Innate Abilities, Weirdness & Mutations

You are too large for most types of armour.
You have claws for hands.
Your metabolism is lightning-fast.
You like to eat raw meat.
Your natural rate of healing is unusually fast.
You are covered in fur. (AC +1)
You have extremely tough skin. (AC +3)
Your mind is acute. (Int +2)
Your magical capacity is low. (-10% MP)
Your spells are a little easier to cast, but a little less powerful.


Message History

Unknown command.
Throwing (i - inventory. (/) - cycle)
Y - 44 silver javelins (quivered)
Press: ? - help, Shift-Dir - straight line, f/p - moth of wrath
Aim: a moth of wrath (heavily wounded, covered in acid)
You throw a silver javelin.
The silver javelin pierces through the moth of wrath!
The moth of wrath is severely wounded.
Unknown command.
Throwing (i - inventory. (/) - cycle)
Y - 43 silver javelins (quivered)
Press: ? - help, Shift-Dir - straight line, f/p - moth of wrath
Aim: a moth of wrath (severely wounded, covered in acid)
You throw a silver javelin.
The silver javelin barely misses the moth of wrath.
The storm dragon breathes lightning at you.
The bolt of lightning hits the moth of wrath!!
The moth of wrath dies!
The bolt of lightning hits you!!
* * * LOW HITPOINT WARNING * * *
The bolt of lightning hits you!!!
You die...

,,,,,,,,,,,,,,,* ##...........##
,,,,,,.......,,* #.^.(.^.....#
,,,,,,....§..,,* ##..d........#*
,,^,,,.d.§$..,,* #.............#
,,,,,,§^....d,,* ##.(...........#
,,,,,,......§○,*##.§X............
,,,,,,..○(.§○,###[((###########..
,,,,,,...(§D(##..(.## *#.
,,,,,,...(.(((^.@### *#
,,,^**▓▓▓▓▓▓▓▓▓▓▓#
,,,,,,,,,,,,,****
,,,,,,,,,,,,,,,,*** *
,,,,,,,,,,,,,,,,,,** **
,,,,,,,,,,,,,,,,,,,* ********* *,
,,,^,,,,,,,^,,,,,,,***,,,,,,,***,
,,,,,,,,,,,,,,,,,,,**,,,,,,,^,**,
,,,,,,,,,,,,,,,,,,,*,,,,,,,,,,,*,


You could see a tentacled monstrosity, a storm dragon and a black draconian.

Vanquished Creatures
  the Royal Jelly (Slime:5)
  2 curse toes (Zot:5)
  5 golden dragons
  A mutant beast (WizLab)
  A bone dragon (Depths:5)
  7 Orb Guardians (Zot:5)
  3 tentacled monstrosities (Zot:5)
  Jorgrun (D:14)
  Rupert (Orc:2)
  5 deep elf blademasters (Elf:3)
  4 deep elf master archers (Elf:3)
  2 quicksilver dragons
  19 acid blobs
  A kraken (Shoals:1)
  5 death cobs
  Agnes (D:15)
  Donald (Elf:2)
  8 nagarajas
  2 storm dragons
  2 draconian monks
  10 azure jellies
  3 frost giants
  A draconian scorcher (Zot:5)
  5 deep elf sorcerers (Elf:3)
  2 draconian knights
  5 deep elf elementalists
  9 very ugly things
  A stone giant (Depths:5)
  A draconian stormcaller (Zot:3)
  A draconian annihilator (Zot:5)
  Nessos (Lair:4)
  A deep elf demonologist (Elf:1)
  4 green draconians
  A white draconian (Depths:5)
  2 yellow draconians (Zot:5)
  4 deep elf annihilators
  A minotaur (Gauntlet)
  4 red draconians
  2 purple draconians (Zot:3)
  3 black draconians (Zot:1)
  2 ettins
  12 merfolk javelineers
  3 merfolk impalers
  7 death oozes
  2 fire dragons (Depths:5)
  A yaktaur captain (Depths:5)
  A deep elf high priest (Elf:3)
  Fannar (Lair:1)
  3 great orbs of eyes
  3 ice dragons (Depths:5)
  11 hydras
  22 naga warriors
  6 merfolk avatars
  2 centaur warriors
  2 alligator snapping turtles (Shoals:4)
  11 anacondas
  2 merfolk aquamancers
  A catoblepas (D:13)
  5 satyrs
  6 two-headed ogres
  Erica (Orc:1)
  7 dancing weapons
  2 deep troll shamans
  A deep troll earth mage (Depths:3)
  3 tengu warriors
  A vampire mage (Depths:3)
  10 shock serpents
  Sonja (Lair:6)
  17 naga sharpshooters
  10 orc high priests
  An iron golem (WizLab)
  2 fire crabs (shapeshifter)
  4 deep elf knights
  A shadow wraith (D:13)
  4 iron trolls
  6 hell knights (Depths:5)
  2 unseen horrors
  A death drake (shapeshifter) (WizLab)
  2 glowing orange brains
  6 naga ritualists
  3 salamander mystics
  A wizard (D:15)
  7 deep trolls
  A glowing orange brain (shapeshifter) (WizLab)
  4 deep elf archers
  16 sea snakes
  9 harpies
  2 harpies (shapeshifter) (WizLab)
  20 deep elf magi
  12 mana vipers
  7 shining eyes
  18 ugly things
  A wolf spider (D:12)
  3 necromancers
  An orb spider (shapeshifter) (WizLab)
  6 cyclopes
  13 fauns
  A faun (shapeshifter) (WizLab)
  19 manticores
  2 orc sorcerers
  22 salamanders
  2 cyclopes (shapeshifter)
  6 oklob plants
  7 moths of wrath
  5 merfolk sirens
  4 centaur zombies
  26 naga magi
  7 guardian serpents
  10 water nymphs
  7 elephants
  A black mamba (shapeshifter) (WizLab)
  13 spiny frogs
  40 black mambas
  2 spiny frogs (shapeshifter) (WizLab)
  A gargoyle (D:12)
  9 komodo dragons
  8 rime drakes
  2 komodo dragons (shapeshifter) (WizLab)
  4 yaktaurs
  A tengu conjurer (D:13)
  A harpy zombie (D:15)
  A merfolk (shapeshifter) (D:14)
  2 meliai (shapeshifter) (WizLab)
  9 wind drakes
  A harpy skeleton (D:15)
  5 trolls
  2 polar bears
  6 hornets
  A troll (shapeshifter) (Depths:1)
  32 merfolk
  A polar bear (shapeshifter) (WizLab)
  A hornet (shapeshifter) (WizLab)
  13 snapping turtles
  66 slime creatures
  16 dream sheep
  9 blink frogs
  5 hippogriffs
  3 air elementals
  A dream sheep (shapeshifter) (WizLab)
  2 centaur simulacra (D:15)
  21 water elementals
  A tarantella (shapeshifter) (WizLab)
  A human (shapeshifter) (D:13)
  4 shadows
  9 fire elementals
  2 fire bats (Lair:1)
  A spriggan (shapeshifter) (WizLab)
  4 wyverns
  52 yaks
  A steam dragon (Lair:3)
  2 wraiths
  6 large abominations (WizLab)
  A basilisk (shapeshifter) (WizLab)
  5 vampire mosquitoes (D:15)
  8 wargs
  Menkaure (Ossuary)
  A naga (shapeshifter) (WizLab)
  79 nagas
  2 soldier ants
  18 water moccasins
  An acid dragon (D:14)
  2 hell hounds (Lair:1)
  4 floating eyes (WizLab)
  6 porcupines
  3 sky beasts
  17 orc warriors
  An ice beast (D:11)
  A black bear (shapeshifter) (WizLab)
  2 phantoms
  3 eyes of draining
  A necrophage (D:8)
  16 centaurs
  14 crocodiles
  8 ogres
  2 big kobolds
  Blork the orc (D:6)
  6 small abominations (WizLab)
  14 bullfrogs
  A bullfrog (shapeshifter) (WizLab)
  2 earth elementals
  A gnoll sergeant (D:10)
  A water moccasin skeleton (D:8)
  7 scorpions
  9 wights
  5 killer bees (D:8)
  6 howler monkeys
  3 electric eels (D:14)
  7 crimson imps
  A bullfrog zombie (D:12)
  2 quasits
  45 orc priests
  4 jellies
  3 bullfrog skeletons
  5 centaur skeletons
  7 hounds
  17 orc wizards
  Terence (D:2)
  5 iguanas
  Natasha (thrice) (D:2)
  14 worker ants
  A killer bee zombie (D:9)
  4 hound skeletons
  3 mummies (Ossuary)
  2 gnolls (D:10)
  11 adders
  4 shadow imps
  3 oozes
  An adder zombie (D:9)
  2 adder skeletons
  A worm (D:8)
  5 dart slugs (D:1)
  8 leopard geckos
  83 orcs
  A ball python (D:4)
  7 giant cockroaches
  9 goblins
  12 hobgoblins
  5 quokkas
  13 bats
  A frilled lizard (D:3)
  7 gnoll skeletons (Ossuary)
  2 gnoll zombies (Ossuary)
  6 goblin skeletons (Ossuary)
  10 goblin zombies (Ossuary)
  A hobgoblin skeleton (Ossuary)
  3 hobgoblin zombies (Ossuary)
  24 kobolds
  3 kobold skeletons (Ossuary)
  3 kobold zombies (Ossuary)
  2 leopard gecko skeletons (D:8)
  4 orc skeletons (Ossuary)
  6 orc zombies (Ossuary)
  2 quokka skeletons
  A quokka zombie (D:7)
  13 rats
  4 rat skeletons (Ossuary)
  A rat zombie (Ossuary)
  6 plants
  3 tentacles (Shoals:1)
1565 creatures vanquished.

Vanquished Creatures (collateral kills)
  An acid blob (Slime:3)
  3 fauns (Shoals:3)
  A cyclops (Shoals:3)
  A merfolk siren (Shoals:3)
  A merfolk (Shoals:3)
  A yak (D:7)
8 creatures vanquished.

Vanquished Creatures (others)
  A dancing weapon (Elf:2)
  A satyr (Shoals:3)
  2 deep elf knights
  A cyclops (D:13)
  A moth of wrath (Zot:5)
  A merfolk (Shoals:3)
  A yak (D:7)
  A water elemental (Shoals:3)
  A gnoll (D:10)
  5 fungi
  23 plants
  4 tentacles (Shoals:1)
  4 withered plants (Gauntlet)
46 creatures vanquished.

Grand Total: 1619 creatures vanquished

Notes
Turn   | Place    | Note
-------+----------+-------------------------------------------
     0 | D:1      | mopl the Troll Arcane Marksman began the quest for the Orb.
     0 | D:1      | Reached XP level 1. HP: 18/18 MP: 1/1
   129 | D:1      | Reached skill level 1 in Fighting
   133 | D:1      | Reached skill level 2 in Throwing
   133 | D:1      | Reached XP level 2. HP: 27/27 MP: 2/2
   192 | D:1      | Reached skill level 1 in Unarmed Combat
   518 | D:1      | Reached XP level 3. HP: 32/33 MP: 3/3
   725 | D:2      | Learned a level 3 spell: Inner Flame
   757 | D:2      | Noticed Terence
   764 | D:2      | Killed Terence
   801 | D:2      | Reached skill level 2 in Dodging
   801 | D:2      | Reached XP level 4. HP: 38/41 MP: 4/4
   994 | D:2      | Noticed Natasha
  1004 | D:2      | Killed Natasha
  1004 | D:2      | Reached skill level 1 in Armour
  1004 | D:2      | Reached skill level 2 in Unarmed Combat
  1327 | D:2      | Noticed Natasha
  1333 | D:2      | Killed Natasha
  1337 | D:2      | Reached XP level 5. HP: 30/48 MP: 5/5
  1543 | D:2      | Noticed Natasha
  1549 | D:2      | Killed Natasha
  1882 | D:3      | Reached skill level 1 in Stealth
  2009 | D:3      | Reached skill level 3 in Unarmed Combat
  2009 | D:3      | Reached XP level 6. HP: 46/57 MP: 6/6
  2051 | D:4      | Found a staircase to the Ecumenical Temple.
  2060 | Temple   | Entered the Ecumenical Temple
  2067 | Temple   | Reached skill level 2 in Fighting
  2299 | D:4      | Reached skill level 3 in Throwing
  2341 | D:4      | Reached skill level 2 in Armour
  2343 | D:4      | Reached XP level 7. HP: 47/65 MP: 7/7
  2375 | D:4      | Found a sand-covered staircase.
  2385 | Ossuary  | Entered an ossuary
  2676 | Ossuary  | Noticed Menkaure
  2685 | Ossuary  | Killed Menkaure
  2685 | Ossuary  | Reached skill level 4 in Unarmed Combat
  2819 | D:3      | Reached skill level 3 in Dodging
  3165 | D:4      | Learned a level 3 spell: Portal Projectile
  3580 | D:4      | Found a white marble altar of Elyvilon.
  3716 | D:5      | Entered Level 5 of the Dungeon
  3723 | D:5      | Reached skill level 1 in Slings
  3723 | D:5      | Reached XP level 8. HP: 67/74 MP: 8/8
  3890 | D:4      | Reached skill level 3 in Fighting
  3890 | D:4      | Reached skill level 2 in Stealth
  3890 | D:4      | Reached skill level 5 in Unarmed Combat
  4103 | D:5      | Found a burning altar of Makhleb.
  4105 | D:5      | Found a hide-covered altar of Uskayaw.
  4112 | D:5      | Noticed a +0 hand axe
  4112 | D:5      | Noticed a +0 dagger
  4129 | D:5      | Learned a level 2 spell: Blink
  4143 | D:5      | Found a hazy altar of Hepliaklqana.
  4430 | D:6      | Reached skill level 4 in Throwing
  4432 | D:6      | Reached skill level 3 in Armour
  4456 | D:6      | Found an iron altar of Okawaru.
  4492 | D:6      | Became a worshipper of Warmaster Okawaru
  4549 | D:6      | Found a stormy altar of Qazlal.
  4572 | D:6      | Noticed Blork the orc
  4582 | D:6      | Killed Blork the orc
  4681 | D:6      | Reached XP level 9. HP: 74/83 MP: 9/9
  4695 | D:6      | Found a glowing golden altar of the Shining One.
  4777 | D:6      | Reached skill level 6 in Unarmed Combat
  4784 | D:6      | Found a sacrificial altar of Ru.
  4796 | D:6      | Reached skill level 2 in Slings
  4796 | D:6      | Reached skill level 1 in Invocations
  4897 | D:6      | Found Bys Acsixzi's Gadget Boutique.
  5095 | D:6      | Found a shattered altar of Ashenzari.
  5290 | D:7      | Reached * piety under Okawaru
  5302 | D:7      | Reached skill level 4 in Dodging
  5484 | D:7      | Found an opulent altar of Gozag.
  5554 | D:7      | Reached ** piety under Okawaru
  5596 | D:7      | Identified Sif Muna's Tome of Calling
  5670 | D:7      | Reached skill level 2 in Invocations
  5961 | D:8      | Reached skill level 4 in Fighting
  6098 | D:8      | Reached skill level 7 in Unarmed Combat
  6233 | D:8      | Found a snail-covered altar of Cheibriados.
  6394 | D:8      | Reached skill level 4 in Armour
  6475 | D:8      | Found a blossoming altar of Fedhas.
  6667 | D:8      | Reached XP level 10. HP: 91/92 MP: 10/10
  6690 | D:8      | Reached skill level 3 in Stealth
  6690 | D:8      | Reached skill level 1 in Evocations
  6691 | D:8      | Reached skill level 5 in Throwing
  6792 | D:8      | Found an ancient bone altar of Kikubaaqudgha.
  6918 | D:9      | Reached *** piety under Okawaru
  7073 | D:9      | Received a gift from Okawaru
  7113 | D:9      | Found Sorurph's Elemental Accessories.
  7181 | D:9      | Reached skill level 3 in Invocations
  7245 | D:9      | Reached skill level 3 in Slings
  7738 | D:10     | Entered Level 10 of the Dungeon
  7760 | D:10     | Reached skill level 2 in Evocations
  8054 | D:10     | Reached skill level 5 in Dodging
  8087 | D:10     | Noticed a green ugly thing
  8100 | D:10     | Killed a green ugly thing
  8100 | D:10     | Reached **** piety under Okawaru
  8163 | D:10     | Found a staircase to the Lair.
  8198 | D:10     | Received a gift from Okawaru
  8762 | Lair:1   | Entered Level 1 of the Lair of Beasts
  8949 | D:11     | Reached XP level 11. HP: 101/101 MP: 9/12
  9082 | D:11     | Reached skill level 5 in Fighting
  9125 | D:11     | Found a gate leading to a gauntlet.
  9132 | Gauntlet | Entered a Gauntlet
  9132 | Gauntlet | Found a transporter.
  9132 | Gauntlet | Found a transporter.
  9132 | Gauntlet | Noticed a tengu warrior
  9148 | Gauntlet | Found a transporter.
  9152 | Gauntlet | Found a transporter.
  9161 | Gauntlet | Noticed a sixfirhy
  9162 | Gauntlet | Found a transporter.
  9166 | Gauntlet | Found a transporter.
  9173 | Gauntlet | Noticed a sixfirhy
  9179 | Gauntlet | Found a transporter.
  9200 | Gauntlet | Found a transporter.
  9218 | Gauntlet | Found a transporter.
  9222 | Gauntlet | Found a transporter.
  9229 | Gauntlet | Noticed a wolf spider
  9236 | Gauntlet | Found a transporter.
  9240 | Gauntlet | Found a transporter.
  9338 | Gauntlet | Got a twitching marble ring
  9345 | Gauntlet | Identified the ring "Ukloskeosh" {Fire *Corrode rPois
                  | Slay+2} (You found it in a Gauntlet)
  9362 | Gauntlet | Reached skill level 4 in Invocations
  9374 | Gauntlet | Got a fine marble ring
  9382 | Gauntlet | Identified the ring of the Vanishing Tales {rN++ AC+3} (You
                  | found it in a Gauntlet)
  9419 | Gauntlet | Noticed a minotaur
  9437 | Gauntlet | Killed a minotaur
  9437 | Gauntlet | Reached skill level 5 in Armour
  9649 | D:11     | Reached skill level 3 in Evocations
  9801 | D:11     | Reached skill level 6 in Throwing
 10146 | Lair:1   | Received a gift from Okawaru
 10348 | D:12     | Noticed an unseen horror
 10363 | D:12     | Killed an unseen horror
 10374 | D:12     | Noticed a two-headed ogre
 10384 | D:12     | Killed a two-headed ogre
 10384 | D:12     | Received a gift from Okawaru
 10384 | D:12     | Reached skill level 4 in Stealth
 10384 | D:12     | Reached skill level 1 in Translocations
 10402 | D:12     | Noticed a two-headed ogre
 10409 | D:12     | Killed a two-headed ogre
 10409 | D:12     | Reached ***** piety under Okawaru
 10465 | D:12     | You fall into a shaft and drop 1 floor!
 10516 | D:13     | Reached skill level 4 in Slings
 10586 | D:12     | Noticed a wolf spider
 10601 | D:12     | Killed a wolf spider
 10792 | D:12     | Noticed a two-headed ogre
 10807 | D:12     | Killed a two-headed ogre
 10807 | D:12     | Received a gift from Okawaru
 10825 | D:12     | Reached XP level 12. HP: 111/113 MP: 12/14
 10846 | D:12     | Reached skill level 5 in Invocations
 10866 | D:12     | Reached skill level 6 in Dodging
 10910 | D:12     | Found a staircase to the Orcish Mines.
 11040 | D:12     | Got a warped spear
 11041 | D:12     | Identified the +6 spear "Ziecseirgh" {drain, rN+ Dex+5}
                  | (You found it on level 12 of the Dungeon)
 11195 | D:12     | Reached skill level 2 in Translocations
 11508 | Lair:1   | Noticed a five-headed hydra
 11521 | Lair:1   | Killed a five-headed hydra
 11521 | Lair:1   | Received a gift from Okawaru
 11524 | Lair:1   | Got bloodstained fire dragon scales {god gift}
 11535 | Lair:1   | Identified the +1 fire dragon scales of Noughts and Crosses
                  | {rF++ rC- rCorr Str+5 Int+3 Dex+4} (Okawaru gifted it to
                  | you on level 1 of the Lair of Beasts)
 11574 | Lair:1   | Noticed Fannar
 11601 | Lair:1   | Killed Fannar
 11601 | Lair:1   | Reached skill level 6 in Fighting
 11742 | Lair:1   | Found a transporter.
 11785 | Lair:1   | Found a transporter.
 11905 | Lair:1   | Reached skill level 4 in Evocations
 11910 | Lair:1   | Reached skill level 6 in Armour
 12385 | Lair:2   | Found a staircase to the Shoals.
 12438 | Lair:2   | Found a staircase to the Snake Pit.
 12462 | Lair:2   | Noticed a four-headed hydra
 12485 | Lair:2   | Killed a four-headed hydra
 12485 | Lair:2   | Reached skill level 7 in Throwing
 13129 | Lair:3   | Reached skill level 3 in Translocations
 13154 | Lair:3   | Learned a level 3 spell: Conjure Flame
 13563 | Lair:3   | Reached skill level 6 in Invocations
 13865 | Lair:4   | Received a gift from Okawaru
 13879 | Lair:4   | Reached XP level 13. HP: 122/122 MP: 13/16
 13935 | Lair:4   | Reached skill level 5 in Slings
 14041 | Lair:4   | Noticed Nessos
 14059 | Lair:4   | Killed Nessos
 14073 | Lair:4   | Reached skill level 5 in Stealth
 14574 | Lair:5   | Reached skill level 7 in Dodging
 14578 | Lair:5   | Received a gift from Okawaru
 14659 | Lair:5   | Reached skill level 1 in Shields
 14780 | Lair:5   | Reached skill level 5 in Evocations
 14800 | Lair:5   | Reached skill level 7 in Fighting
 14829 | Lair:5   | Received a gift from Okawaru
 15056 | Lair:5   | Got a translucent short sword
 15258 | Lair:5   | Got a brightly glowing rapier
 15321 | Lair:5   | Found a staircase to the Slime Pits.
 15826 | Lair:6   | Entered Level 6 of the Lair of Beasts
 15884 | Lair:6   | Reached skill level 4 in Translocations
 15893 | Lair:6   | Reached skill level 7 in Armour
 15914 | Lair:6   | Received a gift from Okawaru
 15918 | Lair:6   | Got a fine rapier {god gift}
 15919 | Lair:6   | Identified the +10 rapier "Luixtyipn" {speed, Dex+4}
                  | (Okawaru gifted it to you on level 6 of the Lair of Beasts)
 15965 | Lair:6   | Reached skill level 2 in Shields
 16047 | Lair:6   | Identified the cursed +1 short sword "Rugod" {flame, Int+7
                  | Dex+4} (You found it on level 5 of the Lair of Beasts)
 16187 | Lair:6   | Reached skill level 7 in Invocations
 16447 | Lair:6   | Reached XP level 14. HP: 133/133 MP: 16/18
 16477 | Lair:6   | Reached skill level 1 in Fire Magic
 16480 | Lair:6   | Reached skill level 1 in Conjurations
 16523 | Lair:6   | Reached skill level 2 in Spellcasting
 16539 | Lair:6   | Received a gift from Okawaru
 16718 | Lair:6   | Reached skill level 3 in Shields
 16895 | Lair:6   | Noticed Sonja
 16905 | Lair:6   | Killed Sonja
 17287 | Lair:6   | Reached skill level 2 in Fire Magic
 17351 | Lair:6   | Identified the Compendium of the Snowflakes and Combat
                  | Magic
 17380 | Lair:6   | Reached skill level 2 in Conjurations
 17400 | Lair:6   | Identified the +10 rapier of Pafac {flame, rC+ Int+3 SInv}
                  | (You found it on level 5 of the Lair of Beasts)
 17925 | Lair:1   | Got a pair of warped boots
 18045 | Orc:1    | Entered Level 1 of the Orcish Mines
 18054 | Orc:1    | Received a gift from Okawaru
 18058 | Orc:1    | Reached skill level 3 in Hexes
 18123 | Orc:1    | Reached skill level 6 in Slings
 18138 | Orc:1    | Noticed Erica
 18275 | Orc:1    | Killed Erica
 18285 | Orc:1    | Found a roughly hewn altar of Beogh.
 18435 | Orc:1    | Found a roughly hewn altar of Beogh.
 18655 | Orc:2    | Entered Level 2 of the Orcish Mines
 18915 | Orc:2    | Found Vayteshra's Distillery.
 19076 | Orc:1    | Reached skill level 6 in Evocations
 19251 | Orc:2    | Reached skill level 5 in Translocations
 19295 | Orc:2    | Found Purulunu's Armour Shoppe.
 19340 | Orc:2    | Found a roughly hewn altar of Beogh.
 19491 | Orc:2    | Received a gift from Okawaru
 19509 | Orc:2    | Found Ade Omaufu's Antique Weapon Boutique.
 19509 | Orc:2    | Found Offecot's Book Shoppe.
 19514 | Orc:2    | Noticed Rupert
 19526 | Orc:2    | Killed Rupert
 19526 | Orc:2    | Received a gift from Okawaru
 19526 | Orc:2    | Reached skill level 3 in Spellcasting
 19582 | Orc:2    | Found a staircase to the Elven Halls.
 19961 | Orc:2    | Bought a potion of might for 48 gold pieces
 19961 | Orc:2    | Bought a potion of ambrosia for 96 gold pieces
 19961 | Orc:2    | Bought a potion of curing for 36 gold pieces
 19961 | Orc:2    | Bought a potion of agility for 48 gold pieces
 19961 | Orc:2    | Bought a potion of haste for 120 gold pieces
 19963 | Orc:2    | Learned a level 1 spell: Apportation
 20218 | D:13     | Received a gift from Okawaru
 20218 | D:13     | Reached skill level 4 in Shields
 20218 | D:13     | Reached skill level 3 in Fire Magic
 20413 | D:13     | You fall into a shaft and drop 2 floors!
 20413 | D:15     | Entered Level 15 of the Dungeon
 20413 | D:15     | Found Riwkicatz's Jewellery Shop.
 20433 | D:15     | Bought the ring "Achun" {rN+ MR++ Int+3 Stlth-} for 372
                  | gold pieces
 20517 | D:14     | Reached XP level 15. HP: 133/140 MP: 19/19
 20547 | D:13     | Reached skill level 3 in Conjurations
 20602 | D:13     | Reached skill level 6 in Stealth
 21205 | D:13     | Received a gift from Okawaru
 21240 | D:13     | Got a transparent hat {god gift}
 21246 | D:13     | Identified the +0 hat of Anarchy {rF+ rC++} (Okawaru gifted
                  | it to you on level 13 of the Dungeon)
 21268 | D:13     | Found a gate to the Vaults.
 21752 | D:14     | Noticed Jorgrun
 21805 | D:14     | Killed Jorgrun
 22833 | D:15     | Noticed Agnes
 22849 | D:15     | Killed Agnes
 22849 | D:15     | Reached skill level 4 in Hexes
 23195 | D:15     | Reached skill level 7 in Slings
 23397 | D:15     | Found a staircase to the Depths.
 23555 | D:15     | Found a shadowy altar of Dithmenos.
 23885 | Shoals:1 | Entered Level 1 of the Shoals
 23893 | Shoals:1 | Noticed a kraken
 23956 | Shoals:1 | Killed a kraken
 24061 | Shoals:1 | Reached skill level 4 in Fire Magic
 24324 | Shoals:1 | Reached skill level 5 in Shields
 24401 | Shoals:1 | Reached skill level 4 in Conjurations
 24469 | Shoals:1 | Received a gift from Okawaru
 24738 | Shoals:2 | Reached skill level 6 in Translocations
 24745 | Shoals:2 | Received a gift from Okawaru
 24814 | Shoals:2 | Got a jewelled flail {god gift}
 24815 | Shoals:2 | Identified the +6 flail of the Turnip {vorpal, rF+ Dex+5
                  | SInv} (Okawaru gifted it to you on level 2 of the Shoals)
 24829 | Shoals:2 | Got a serpentine lead ring
 24833 | Shoals:2 | Identified the ring "Dunacsy" {Wiz rC+ Int+4} (You found it
                  | on level 2 of the Shoals)
 25070 | Shoals:2 | Reached XP level 16. HP: 149/149 MP: 20/20
 25178 | Shoals:2 | Reached skill level 4 in Spellcasting
 25355 | Shoals:2 | Identified a scroll of acquirement
 25355 | Shoals:2 | Identified the +1 large shield "Onaefei" {*Drain Regen+
                  | rCorr} (You acquired it on level 2 of the Shoals)
 25355 | Shoals:2 | Identified the +1 rapier of Iruenu {vorpal, *Noise +Inv
                  | rElec rN+} (You acquired it on level 2 of the Shoals)
 25678 | Shoals:3 | Found a runed translucent door.
 25693 | Shoals:3 | Reached skill level 7 in Evocations
 26012 | Shoals:3 | Learned a level 1 spell: Summon Butterflies
 26149 | Shoals:3 | Reached skill level 5 in Hexes
 26231 | Shoals:3 | Received a gift from Okawaru
 26239 | Shoals:3 | Got a polished hat {god gift}
 26250 | Shoals:3 | Identified the +1 hat of the Tundras {MR++ Int+4} (Okawaru
                  | gifted it to you on level 3 of the Shoals)
 26381 | Shoals:3 | Reached skill level 1 in Summonings
 26536 | Shoals:4 | Entered Level 4 of the Shoals
 26595 | Shoals:4 | Reached skill level 5 in Conjurations
 26614 | Shoals:4 | Reached skill level 5 in Fire Magic
 26765 | Shoals:3 | Reached skill level 6 in Shields
 27135 | Shoals:4 | Reached skill level 7 in Stealth
 27140 | Shoals:4 | Learned a level 3 spell: Mephitic Cloud
 27164 | Shoals:4 | Received a gift from Okawaru
 27164 | Shoals:4 | Reached skill level 2 in Summonings
 27170 | Shoals:4 | Got a shadowed robe {god gift}
 27193 | Shoals:4 | Identified the +1 robe "Uschi Byler" {Slay+3} (Okawaru
                  | gifted it to you on level 4 of the Shoals)
 27583 | Shoals:4 | Reached XP level 17. HP: 48/156 MP: 1/23
 27608 | Shoals:4 | Reached skill level 7 in Translocations
 27608 | Shoals:4 | Reached skill level 1 in Poison Magic
 27627 | Shoals:4 | Got a barnacled rune of Zot
 27736 | Shoals:4 | Reached skill level 1 in Air Magic
 27909 | Shoals:4 | Found the +3 Elemental Staff {rElec rF++ rC++ MR++ AC+5}
 28207 | Lair:1   | Identified the amulet "Esyj Waoza" {Acrobat Fragile rElec
                  | Dex+2} (You acquired it on level 1 of the Lair of Beasts)
 28366 | Elf:1    | Entered Level 1 of the Elven Halls
 28450 | Elf:1    | Reached skill level 5 in Spellcasting
 28548 | Elf:1    | Found Czunwewke's Commerce Corner.
 28565 | Elf:1    | Bought a wand of clouds (6) for 510 gold pieces
 28565 | Elf:1    | Bought 2 potions of curing for 102 gold pieces
 28565 | Elf:1    | Bought a potion of cancellation for 136 gold pieces
 28622 | Elf:1    | Received a gift from Okawaru
 28870 | Elf:1    | Identified the +10 hunting sling of Valuable Assets
                  | {freeze, rF- MP+9 Int+2 Dex+4} (You acquired it on level 1
                  | of the Elven Halls)
 28901 | Elf:1    | Reached skill level 1 in Staves
 29101 | Elf:1    | Reached skill level 2 in Poison Magic
 29427 | Elf:2    | Received a gift from Okawaru
 29427 | Elf:2    | Reached skill level 3 in Summonings
 29514 | Elf:2    | Noticed Donald
 29537 | Elf:2    | Killed Donald
 29732 | Elf:2    | Received a gift from Okawaru
 29732 | Elf:2    | Reached skill level 2 in Air Magic
 29804 | Elf:2    | Found a runed translucent gate.
 29804 | Elf:2    | Found a runed translucent gate.
 29813 | Elf:2    | Noticed Louise
 29821 | Elf:2    | Found a runed translucent gate.
 30107 | Elf:3    | Entered Level 3 of the Elven Halls
 30210 | Elf:3    | Found Osukleim's Jewellery Shoppe.
 30505 | Elf:3    | Reached skill level 2 in Staves
 30687 | Elf:3    | Received a gift from Okawaru
 30722 | Elf:3    | Reached skill level 7 in Shields
 30736 | Elf:3    | Learned a level 4 spell: Ice Form
 30747 | Elf:3    | Noticed a deep elf master archer
 30756 | Elf:3    | Killed a deep elf master archer
 30756 | Elf:3    | Reached skill level 6 in Hexes
 30756 | Elf:3    | Reached skill level 6 in Fire Magic
 30759 | Elf:3    | Reached skill level 6 in Conjurations
 30760 | Elf:3    | Noticed a deep elf blademaster
 30766 | Elf:3    | Noticed a deep elf master archer
 30768 | Elf:3    | Noticed a deep elf master archer
 30777 | Elf:3    | Noticed a deep elf blademaster
 30777 | Elf:3    | Killed a deep elf blademaster
 30777 | Elf:3    | Killed a deep elf master archer
 30777 | Elf:3    | Reached ****** piety under Okawaru
 30777 | Elf:3    | Reached skill level 1 in Ice Magic
 30779 | Elf:3    | Killed a deep elf master archer
 30779 | Elf:3    | Reached skill level 1 in Transmutations
 30783 | Elf:3    | Received a gift from Okawaru
 30785 | Elf:3    | Killed a deep elf blademaster
 30797 | Elf:3    | Noticed a deep elf blademaster
 30804 | Elf:3    | Killed a deep elf blademaster
 30804 | Elf:3    | Reached skill level 3 in Poison Magic
 30810 | Elf:3    | Reached XP level 18. HP: 154/165 MP: 18/25
 30978 | Elf:3    | Reached skill level 3 in Staves
 31007 | Elf:3    | Identified the Disquisition on the Rocks and Ice
 31063 | Elf:3    | Got a pitted troll leather armour
 31069 | Elf:3    | Identified the cursed +0 troll leather armour of Defence
                  | {+Fly Regen+} (You found it on level 3 of the Elven Halls)
 31104 | Elf:3    | Found the +3 sling "Punk" {acid, rCorr}
 31181 | Elf:3    | Got smoking steam dragon scales
 31187 | Elf:3    | Identified the +6 steam dragon scales of the Special People
                  | {Regen+ Str-2 SInv} (You found it on level 3 of the Elven
                  | Halls)
 31235 | Elf:3    | Identified the ring of Internal Strife {Ice -Tele rN++
                  | Int+6 Dex+3} (You found it on level 3 of the Elven Halls)
 32779 | Snake:1  | Entered Level 1 of the Snake Pit
 32826 | Snake:1  | Reached skill level 4 in Summonings
 32855 | Snake:1  | Received a gift from Okawaru
 33002 | Snake:1  | Reached skill level 3 in Air Magic
 33353 | Snake:1  | Reached skill level 2 in Ice Magic
 33626 | Snake:1  | Reached skill level 2 in Transmutations
 34162 | Snake:1  | Got a warped robe {god gift}
 34173 | Snake:1  | Identified the +2 robe of Rationality {+Inv Dex+4} (Okawaru
                  | gifted it to you on level 1 of the Snake Pit)
 34641 | Snake:2  | Received a gift from Okawaru
 34644 | Snake:2  | Got an ancient hat {god gift}
 34657 | Snake:2  | Identified the +0 hat of the Salamander {MR- Str+6}
                  | (Okawaru gifted it to you on level 2 of the Snake Pit)
 34940 | Snake:2  | Got a wavering brass ring
 34942 | Snake:2  | Identified the ring "Dapn" {Str+3 Stlth-} (You found it on
                  | level 2 of the Snake Pit)
 34983 | Snake:2  | Learned a level 1 spell: Animate Skeleton
 35604 | Snake:3  | Reached skill level 4 in Staves
 35604 | Snake:3  | Reached skill level 6 in Spellcasting
 35761 | Snake:3  | Reached skill level 4 in Poison Magic
 36031 | Snake:3  | Reached skill level 1 in Necromancy
 36191 | Snake:3  | Found Puwet's Jewellery Boutique.
 36503 | Snake:3  | Reached skill level 3 in Ice Magic
 36769 | Snake:3  | Reached skill level 3 in Transmutations
 36907 | Snake:4  | Entered Level 4 of the Snake Pit
 36955 | Snake:4  | Received a gift from Okawaru
 36990 | Snake:4  | Received a gift from Okawaru
 37017 | Snake:4  | Identified the quicksilver dragon scales of the Accordion
                  | {+Blink rN+ MR+ Str+3} (Okawaru gifted it to you on level 4
                  | of the Snake Pit)
 37246 | Snake:4  | Reached XP level 19. HP: 157/171 MP: 22/27
 37330 | Snake:4  | Reached skill level 2 in Necromancy
 37493 | Snake:4  | Reached skill level 7 in Conjurations
 37493 | Snake:4  | Reached skill level 5 in Summonings
 37683 | Snake:4  | Reached skill level 7 in Fire Magic
 37683 | Snake:4  | Reached skill level 4 in Air Magic
 38017 | Snake:4  | Reached skill level 7 in Hexes
 38141 | Snake:4  | Received a gift from Okawaru
 38467 | Snake:4  | Reached skill level 3 in Necromancy
 38591 | Snake:4  | Reached skill level 5 in Staves
 38689 | Snake:4  | Reached skill level 4 in Ice Magic
 38698 | Snake:4  | Reached skill level 4 in Transmutations
 38769 | Snake:4  | Got a serpentine rune of Zot
 39258 | Slime:1  | Entered Level 1 of the Pits of Slime
 39450 | Lair:5   | Reached skill level 5 in Poison Magic
 39688 | Slime:2  | Gained mutation: Your magical capacity is low. (-10% MP) [a
                  | shining eye]
 39690 | Slime:2  | Gained mutation: Your mind is acute. (Int +2) [a shining
                  | eye]
 39997 | Slime:3  | Received a gift from Okawaru
 40180 | Slime:4  | Reached skill level 4 in Necromancy
 40188 | Slime:5  | Entered Level 5 of the Pits of Slime
 40294 | Slime:5  | Reached XP level 20. HP: 148/180 MP: 19/26
 40355 | Slime:4  | Reached skill level 6 in Summonings
 40500 | Slime:5  | Found a viscous altar of Jiyva.
 40521 | Slime:5  | Noticed the Royal Jelly
 40534 | Slime:5  | Killed the Royal Jelly
 40534 | Slime:5  | Reached skill level 6 in Staves
 40534 | Slime:5  | Reached skill level 5 in Air Magic
 40593 | Slime:5  | Reached skill level 7 in Spellcasting
 40654 | Slime:5  | Received a gift from Okawaru
 40658 | Slime:5  | Reached skill level 5 in Transmutations
 40671 | Slime:5  | Found the +2 Maxwell's thermic engine {flame, freeze}
 40687 | Slime:5  | Found the +8 orange crystal plate armour {Archmagi, Int+3
                  | Clar}
 40694 | Slime:5  | Found the +4 robe of Augmentation {Str+4 Int+4 Dex+4}
 40696 | Slime:5  | Identified the ring "Ycoqoxukk" {rPois MR++ Str+7 Dex-5}
                  | (You found it on level 5 of the Pits of Slime)
 40734 | Slime:5  | Reached skill level 5 in Ice Magic
 40761 | Slime:5  | Identified the amulet of Taal {Acrobat rPois rC+} (You
                  | found it on level 5 of the Pits of Slime)
 40794 | Slime:5  | Identified Xuyton's Collected Works on the Doomed Entourage
 40799 | Slime:5  | Got a slimy rune of Zot
 40813 | Slime:5  | Identified the ring of Letsot {Ice Int+5 Slay-5 SInv} (You
                  | found it on level 5 of the Pits of Slime)
 40823 | Slime:5  | Identified the ring of Suspicion {*Drain rPois MR+ Str+3
                  | SInv} (You found it on level 5 of the Pits of Slime)
 40826 | Slime:5  | Identified the ring of the Battered Princes {-Tele rElec
                  | rF- MP+9 Str+8 Int+3 Slay+2} (You found it on level 5 of
                  | the Pits of Slime)
 40852 | Slime:5  | Got a dazzling short sword
 40853 | Slime:5  | Identified the cursed +1 short sword of Dividends {distort,
                  | +Fly} (You found it on level 5 of the Pits of Slime)
 40867 | Slime:5  | Got a smoking spear
 40968 | Slime:5  | Identified the +7 spear of Orauwnir {vorpal, Fragile rElec
                  | rC+ Int+3} (You found it on level 5 of the Pits of Slime)
 41016 | Slime:5  | Got a scorched flail
 41017 | Slime:5  | Identified the +2 flail "Peohoad" {holy, +Blink rF++} (You
                  | found it on level 5 of the Pits of Slime)
 41449 | Depths:1 | Entered Level 1 of the Depths
 41625 | Depths:1 | Received a gift from Okawaru
 41844 | Depths:1 | Found a one-way gate to the infinite horrors of the Abyss.
 42047 | Orc:2    | Bought a book of Burglary for 1050 gold pieces
 42050 | Orc:2    | Learned a level 2 spell: Passwall
 42253 | Depths:1 | Reached skill level 5 in Necromancy
 42383 | Depths:3 | Reached skill level 1 in Polearms
 42397 | Depths:3 | Reached skill level 1 in Short Blades
 42397 | Depths:3 | Reached skill level 1 in Earth Magic
 42414 | Depths:3 | Reached skill level 6 in Poison Magic
 42560 | Depths:3 | Found a gateway to a ziggurat.
 42577 | Depths:3 | Found Iczyz's Weapon Emporium.
 42838 | Depths:5 | Entered Level 5 of the Depths
 42920 | Depths:5 | Found a magical portal.
 43174 | WizLab   | Reached skill level 2 in Earth Magic
 43333 | WizLab   | Got a transparent jade ring
 43339 | WizLab   | Identified the ring of the Postmodern Seas {Wiz *Contam rF+
                  | MR+} (You found it in a wizard's laboratory)
 43660 | WizLab   | Identified the Catalogue of Transformation
 43662 | WizLab   | Identified Cigotuvi's Collected Works on Dark
                  | Transformation
 43688 | WizLab   | Reached skill level 2 in Short Blades
 43688 | WizLab   | Reached skill level 2 in Polearms
 43800 | Depths:5 | Gained mutation: Your spells are a little easier to cast,
                  | but a little less powerful. [mutagenic glow]
 43838 | Depths:5 | Noticed a bone dragon
 43840 | Depths:5 | Received a gift from Okawaru
 43854 | Depths:5 | Reached skill level 3 in Earth Magic
 43866 | Depths:5 | Received a gift from Okawaru
 43870 | Depths:5 | Killed a bone dragon
 43870 | Depths:5 | Reached skill level 6 in Transmutations
 43870 | Depths:5 | Reached XP level 21. HP: 163/187 MP: 15/27
 43894 | Depths:5 | Received a gift from Okawaru
 44016 | Depths:5 | Found a gate to the Realm of Zot.
 44041 | Zot:1    | Entered Level 1 of the Realm of Zot
 44066 | Zot:1    | Reached skill level 4 in Earth Magic
 44162 | Zot:1    | Noticed a golden dragon
 44299 | Depths:5 | Killed a golden dragon
 44499 | Zot:3    | Noticed a golden dragon
 44511 | Zot:3    | Killed a golden dragon
 44511 | Zot:3    | Reached skill level 3 in Short Blades
 44511 | Zot:3    | Reached skill level 3 in Polearms
 44539 | Zot:3    | Reached skill level 7 in Staves
 44539 | Zot:3    | Reached skill level 7 in Summonings
 44624 | Zot:4    | Reached skill level 6 in Ice Magic
 44676 | Zot:4    | Reached skill level 6 in Air Magic
 44694 | Zot:4    | Learned a level 2 spell: Swiftness
 44729 | Zot:3    | Noticed a golden dragon
 44746 | Zot:4    | Killed a golden dragon
 44746 | Zot:4    | Reached skill level 6 in Necromancy
 44803 | Zot:3    | Reached skill level 5 in Earth Magic
 44865 | Zot:5    | Entered Level 5 of the Realm of Zot
 45143 | Zot:5    | Reached skill level 1 in Charms
 45159 | Zot:5    | Received a gift from Okawaru
 45258 | Zot:5    | Noticed a golden dragon
 45269 | Zot:5    | Killed a golden dragon
 45270 | Zot:5    | Noticed a golden dragon
 45295 | Zot:5    | Killed a golden dragon
 45295 | Zot:5    | Received a gift from Okawaru
 45295 | Zot:5    | Reached skill level 7 in Transmutations
 45301 | Zot:5    | mopl: !lg * won s=sklev
 45301 | Zot:5    | meem: 100044 games for * (won): 54600x 27, 8436x 26, 8266x
                  | 25, 7040x 24, 5978x 23, 5870x 22, 3583x 21, 3045x 20, 1624x
                  | 19, 894x 18, 348x 17, 162x 16, 83x 12, 56x 15, 35x 14, 9x
                  | 13, 7x 7, 3x 10, 3x 11, 9, 8
 45301 | Zot:5    | mopl: !lg * won sklev=7 s=name
 45301 | Zot:5    | meem: 7 games for * (won sklev=7): 5x stickyfingers, dis,
                  | mopl
 45301 | Zot:5    | mopl: !lg dis won sklev =7
 45301 | Zot:5    | meem: 1. dis the Magician (L25 TrWz of Cheibriados),
                  | escaped with the Orb and 3 runes on 2015-10-30 12:10:30,
                  | with 1640881 points after 68686 turns and 5:24:41.
 45429 | Zot:5    | Noticed a curse toe
 45452 | Zot:5    | Killed a curse toe
 45452 | Zot:5    | Received a gift from Okawaru
 45452 | Zot:5    | Reached skill level 1 in Axes
 45493 | Zot:5    | Identified the +1 hat "Qitaup" {Str+6} (Okawaru gifted it
                  | to you on level 5 of the Realm of Zot)
 45707 | Zot:5    | Reached skill level 2 in Charms
 46713 | Orc:2    | Bought a slimy hand crossbow for 272 gold pieces
 46713 | Orc:2    | Identified the +10 hand crossbow of Qiafaicwuth {venom,
                  | Str+6 Stlth+} (You bought it in a shop on level 2 of the
                  | Orcish Mines)
 47187 | Zot:5    | Noticed a curse toe
 47208 | Zot:5    | Killed a curse toe
 47208 | Zot:5    | Reached skill level 6 in Earth Magic
 47237 | Zot:5    | Reached skill level 4 in Polearms
 47237 | Zot:5    | Reached XP level 22. HP: 60/196 MP: 4/28
 47239 | Zot:5    | Killed from afar by a storm dragon

Levels and vault maps discovered:
D:1:      tarquinn_simple_flora_water_b, layout_basic
D:2:      layout_basic, uniq_natasha, uniq_terence
D:3:      layout_basic, kennysheep_generic_room_16
D:4:      wad_crossroads, layout_basic, kennysheep_mini,
          minmay_temple_entry_overgrown, lightli_ossuary_entry_decrepit_ruins,
          first_ration
D:5:      layout_basic, dancing_weapons_uskayaw, marbit_many_paths,
          overflow_temple_1_default, minmay_fractal_squares_5
D:6:      layout_loops_ring, nicolae_ru_awakened_eye, kennysheep_little_box,
          lemuel_doored_altar, old_standard_altar, old_standard_altar,
          serial_shops, shop, uniq_blork_the_orc
D:7:      layout_loops_cross, old_standard_altar
D:8:      layout_basic, nicolae_overflow_crystal_walls,
          overflow_temple_1_default, slow_altar_1
D:9:      minmay_inner_zag, layout_cave_pools, hangedman_pestilent_swarm,
          nicolae_elemental_shop, centaur_isle
D:10:     layout_stronghold, lair_entry_dummy
D:11:     layout_long_grid, gauntlet_entry_generic
D:12:     layout_loops_ring, david_orc_4
D:13:     layout_basic, david_vaults_4
D:14:     wad_bat_island, layout_basic, kennysheep_flooded_box, uniq_jorgrun
D:15:     grunt_enter_depths_magical_seal, layout_irregular_city, serial_shops,
          shop, grunt_dithmenos_smoke_and_mirrors, uniq_agnes
Temple:   jpeg_temple_island
Lair:1:   gammafunk_cloud_chamber, layout_long_grid, grunt_megastairs_1,
          uniq_fannar
Lair:2:   layout_regular_city, minmay_shoals_entry_beasts,
          guppyfry_snake_entry_island
Lair:3:   layout_hall_layers, st_stairs_7
Lair:4:   layout_misc_corridors, uniq_nessos
Lair:5:   layout_small_grid, minmay_slime_entry_oklob_enclosed,
          lemuel_fruit_tree
Lair:6:   gammafunk_lair_ancient_temple, layout_gridlike, st_stairs_11,
          minmay_lair_oklob_chamber, uniq_sonja
Shoals:1: layout_shoals, nicolae_shoals_kraken_intersection
Shoals:2: layout_shoals
Shoals:3: layout_shoals, lightli_airlock
Shoals:4: shoals_end_grunt_ice, layout_shoals
Snake:1:  layout_honeycomb
Snake:2:  layout_grid_maze, grunt_megastairs_2
Snake:3:  layout_onion, serial_shops, nicolae_shop_trees, serial_bayou_shore_b
Snake:4:  minmay_snake_end_coiled, layout_rooms, drop_trap, grunt_ministairs_15
Slime:1:  layout_caves
Slime:2:  layout_caves, nicolae_slime_phagocytosis
Slime:3:  layout_caves
Slime:4:  layout_caves
Slime:5
Orc:1:    layout_caves, basic_altar, minmay_orc_temple_c, uniq_erica
Orc:2:    st_orc_town, layout_caves, uniq_rupert
Elf:1:    layout_loops_cross, hangedman_corner_corridor, nicolae_alphabet_shops,
          grunt_ministairs_15
Elf:2:    layout_onion_city, lemuel_flamethrower_hall, uniq_donald, uniq_louise
Elf:3:    minmay_elf_hall, layout_loops_cross, serial_shops, shop
Depths:1: layout_forbidden_donut, pan_entry, hell_entry, abyss_entry,
          minmay_misc_feat_secret_circle, kennysheep_small_circle,
          serial_bayou_shore_b, serial_bayou_shore_a
Depths:2: minmay_mutant_horseshoe, layout_gridville,
          grunt_hell_entry_demonic_statue, corexii_corridor_pit,
          rand_demon_pan_entry_3, infiniplex_staircase_diamond, uniq_asterion
Depths:3: kennysheep_ogre_elephant_herders, layout_twisted_cross,
          enter_ziggurat_b, hell_entry, roderic_lattice_a, pan_entry,
          serial_shops, shop, infiniplex_staircase_pool_2
Depths:4: minmay_angry_zag, layout_basic, pf_vacation_house_of_asmodeus,
          chequers_serial_rivers_small_b, serial_shops, shop,
          abyss_entry_flame_altar, minmay_the_grid_square_5x5_3x3_mashed
          [minmay_the_grid_square_5x5_spiral_small,
          minmay_the_grid_square_5x5_gyroscope,
          minmay_the_grid_square_5x5_three_small,
          minmay_the_grid_square_5x5_two_walls_a,
          minmay_the_grid_square_5x5_megaprize_diamond,
          minmay_the_grid_square_5x5_percent, minmay_the_grid_square_5x5_three,
          minmay_the_grid_square_5x5_lines,
          minmay_the_grid_square_5x5_checkered_statues],
          infiniplex_staircase_pillars_1, uniq_margery
Depths:5: evilmike_zot_entry_basic, layout_cave_pools, nicolae_wwwww,
          hell_entry, mu_enter_wizlab_3
Zot:1:    layout_onion
Zot:2:    layout_onion_interference
Zot:3:    layout_misc_corridors, grunt_ministairs_5, hangedman_zot_decor_slant
Zot:4:    layout_twisted_circle
Zot:5:    layout_cathedral_of_symmetry, uniq_tiamat

Skill      XL: |  1  2  3  4  5  6  7  8  9 10 11 12 13 14 15 16 17 18 19 20 21 |
---------------+----------------------------------------------------------------+-----
Fighting       | 1 2 3 4 5 6 7 |  7.0
Throwing       | 2 3 4 5 6 7 |  7.0
Unarmed Combat | 1 2 3 4 5 7 |  7.0
Dodging        | 2 3 4 5 6 7 |  7.0
Armour         | 1 2 3 4 5 6 7 |  7.0
Stealth        | 1 2 3 4 5 6 7 |  7.0
Slings         | 1 2 3 4 5 6 7 |  7.0
Invocations    | 2 3 4 6 7 |  7.0
Evocations     | 2 3 4 5 6 7 |  7.0
Translocations | 1 3 4 5 6 7 |  7.0
Shields        | 2 4 5 6 7 |  7.0
Fire Magic     | 3 4 5 6 7 |  7.0
Conjurations   | 2 4 5 6 7 |  7.0
Spellcasting   | 3 4 5 6 7 |  7.0
Hexes          | 3 4 5 6 7 |  7.0
Summonings     | 2 3 4 5 6 7 |  7.0
Poison Magic   | 3 4 5 6 |  6.9
Air Magic      | 2 3 4 5 6 |  6.3
Staves         | 2 4 5 6 7 |  7.0
Ice Magic      | 1 3 4 5 6 |  6.4
Transmutations | 1 3 4 6 7 |  7.0
Necromancy     | 1 4 5 6 |  6.4
Polearms       | 2 4 |  4.0
Short Blades   | 2 3 |  3.9
Earth Magic    | 3 6 |  6.1
Charms         | 2 |  2.6
Axes           | 1 |  1.8
Crossbows      | |  0.5

Action                   |  1- 3 |  4- 6 |  7- 9 | 10-12 | 13-15 | 16-18 | 19-21 | 22-24 || total
-------------------------+-------+-------+-------+-------+-------+-------+-------+-------++-------
Melee: Unarmed           |    79 |   186 |   420 |   721 |  1435 |  1059 |   402 |       ||  4302
       Punch             |       |     1 |    11 |    36 |    89 |       |       |       ||   137
       Fustibalus        |       |       |       |       |       |       |    15 |       ||    15
 Fire: Hunting sling     |       |       |    47 |    44 |       |       |       |       ||    91
       Fustibalus        |       |       |       |     5 |   180 |   835 |  1266 |       ||  2286
Throw: Dart              |       |       |     8 |    10 |     1 |     7 |     2 |       ||    28
       Stone             |       |       |       |    11 |       |       |       |       ||    11
       Boomerang         |       |       |       |    26 |   156 |   162 |    77 |       ||   421
       Javelin           |       |       |       |       |       |   186 |   407 |     2 ||   595
 Cast: Blink             |       |       |       |     1 |     6 |    10 |     5 |       ||    22
       Apportation       |       |       |       |       |     3 |     5 |    97 |       ||   105
Invok: Heroism           |       |       |     2 |    36 |    74 |    67 |    65 |       ||   244
       Finesse           |       |       |       |       |     4 |     3 |     3 |       ||    10
 Abil: Evoke Flight      |       |       |       |       |     1 |       |       |       ||     1
Evoke: Wand              |       |       |       |       |    10 |    44 |    15 |       ||    69
       Box of beasts     |       |       |       |       |       |     2 |     1 |       ||     3
  Use: Scroll            |       |     2 |    10 |    10 |     8 |    18 |    22 |       ||    70
       Potion            |       |       |       |     4 |     2 |     8 |     4 |       ||    18
 Stab: Sleeping          |       |     4 |    11 |    11 |     1 |       |     1 |       ||    28
       Distracted        |       |     1 |     1 |     2 |     1 |       |       |       ||     5
       Invisible         |       |       |       |     7 |       |     1 |       |       ||     8
       Paralysed         |       |       |       |       |     5 |    32 |     9 |       ||    46
  Eat: Chunk             |    13 |    14 |    38 |    67 |   105 |    92 |    52 |       ||   381
       Ration            |       |       |       |       |       |     5 |    12 |       ||    17
Armor: Robe              |    23 |    65 |    99 |    43 |       |       |       |       ||   230
       Troll leather arm |       |       |       |    69 |       |       |       |       ||    69
       Skin              |       |       |       |     4 |       |       |       |       ||     4
       Fire dragon scale |       |       |       |    78 |   648 |   279 |       |       ||  1005
       Steam dragon scal |       |       |       |       |       |   108 |   299 |       ||   407
Dodge: Dodged            |    31 |    91 |   187 |   411 |   967 |   454 |   495 |       ||  2636
Block: Large shield      |       |       |       |       |   162 |  1337 |  1074 |       ||  2573

Table legend:
 A = Non-vault XP
 B = Vault XP
 C = Vault XP percentage of total XP
 D = Non-vault monster count
 E = Vault monster count
 F = Vault count percentage of total count
                 A         B        C        D         E       F
            +---------+---------+-------+---------+---------+-------
      Total |  441847 |  266418 |  37.6 |    1064 |     481 |  31.1
            +---------+---------+-------+---------+---------+-------
        D:1 |      49 |       0 |   0.0 |      25 |       0 |   0.0
        D:2 |     127 |      69 |  35.2 |      26 |       2 |   7.1
        D:3 |     285 |      16 |   5.3 |      30 |       3 |   9.1
        D:4 |     434 |     195 |  31.0 |      17 |       4 |  19.0
        D:5 |     628 |      43 |   6.4 |      12 |       2 |  14.3
        D:6 |     839 |      91 |   9.8 |      13 |       1 |   7.1
        D:7 |    1445 |       0 |   0.0 |      19 |       0 |   0.0
        D:8 |    1346 |       5 |   0.4 |      27 |       1 |   3.6
        D:9 |    2046 |    1274 |  38.4 |      25 |      14 |  35.9
       D:10 |    2097 |       0 |   0.0 |      37 |       0 |   0.0
       D:11 |    1288 |       0 |   0.0 |      18 |       0 |   0.0
       D:12 |    7101 |     759 |   9.7 |      20 |      15 |  42.9
       D:13 |    8632 |    1985 |  18.7 |      32 |       4 |  11.1
       D:14 |    7665 |    3957 |  34.0 |      23 |      11 |  32.4
       D:15 |    8428 |    7086 |  45.7 |      25 |      11 |  30.6
     Temple |      66 |       0 |   0.0 |       1 |       0 |   0.0
     Lair:1 |    3265 |    3279 |  50.1 |      11 |      13 |  54.2
     Lair:2 |    3031 |     780 |  20.5 |      13 |       2 |  13.3
     Lair:3 |    4248 |     464 |   9.8 |      21 |       2 |   8.7
     Lair:4 |    7332 |    1362 |  15.7 |      24 |       1 |   4.0
     Lair:5 |   13945 |    1092 |   7.3 |      28 |       2 |   6.7
     Lair:6 |    8548 |   18788 |  68.7 |      28 |      45 |  61.6
   Shoals:1 |    5729 |    2257 |  28.3 |      13 |       1 |   7.1
   Shoals:2 |   13169 |       0 |   0.0 |      26 |       0 |   0.0
   Shoals:3 |   24555 |    5736 |  18.9 |      58 |      11 |  15.9
   Shoals:4 |   10695 |   24770 |  69.8 |      22 |      33 |  60.0
    Snake:1 |   19207 |       0 |   0.0 |      38 |       0 |   0.0
    Snake:2 |   19226 |    2445 |  11.3 |      37 |       2 |   5.1
    Snake:3 |   27073 |       0 |   0.0 |      53 |       0 |   0.0
    Snake:4 |   38366 |   27690 |  41.9 |      75 |      47 |  38.5
    Slime:2 |    7405 |     774 |   9.5 |      24 |       3 |  11.1
    Slime:3 |    5610 |       0 |   0.0 |       7 |       0 |   0.0
    Slime:4 |   11587 |       0 |   0.0 |      20 |       0 |   0.0
    Slime:5 |   17055 |   28824 |  62.8 |      22 |      12 |  35.3
      Orc:1 |    2242 |    4128 |  64.8 |      23 |      29 |  55.8
      Orc:2 |     844 |   10996 |  92.9 |      21 |      54 |  72.0
      Elf:1 |   13496 |    4767 |  26.1 |      18 |      10 |  35.7
      Elf:2 |    6481 |    3906 |  37.6 |      13 |       3 |  18.8
      Elf:3 |    5226 |   41117 |  88.7 |      10 |      21 |  67.7
   Depths:1 |   13829 |       0 |   0.0 |      23 |       0 |   0.0
   Depths:3 |    9587 |       0 |   0.0 |      13 |       0 |   0.0
   Depths:4 |    3725 |       0 |   0.0 |       6 |       0 |   0.0
   Depths:5 |   30090 |   12976 |  30.1 |      27 |       8 |  22.9
      Zot:1 |   16305 |       0 |   0.0 |      12 |       0 |   0.0
      Zot:3 |    5212 |    6511 |  55.5 |       4 |       2 |  33.3
      Zot:4 |   12719 |       0 |   0.0 |       7 |       0 |   0.0
      Zot:5 |   39569 |   18940 |  32.4 |      17 |       7 |  29.2
    Ossuary |       0 |     274 | 100.0 |       0 |      49 | 100.0
     WizLab |       0 |   26624 | 100.0 |       0 |      50 | 100.0
   Gauntlet |       0 |    2438 | 100.0 |       0 |       6 | 100.0
            +---------+---------+-------+---------+---------+-------
